 Dungeon Crawl Stone Soup version 0.27.1-34-g3ba077fa99 (webtiles) character file.

Game seed: 14058120039995191990

151173 boopmooplesden the Hoplite (level 16, -19/149 HPs)
             Began as a Minotaur Fighter on Jan 15, 2022.
             Was the Champion of Okawaru.
             Demolished by an acid blob (30 damage)
             ... on level 6 of the Lair of Beasts.
             The game lasted 00:48:08 (22771 turns).

boopmooplesden the Hoplite (Minotaur Fighter)      Turns: 22771, Time: 00:48:09

Health: -19/149    AC: 25    Str: 32    XL:     16   Next: 70%
Magic:  17/17      EV:  8    Int:  8    God:    Okawaru [******]
Gold:   2073       SH: 20    Dex: 16    Spells: 15/15 levels left

rFire    + + .     SeeInvis .   r - +8 demon whip "Beastbane" {freeze, Int+2}
rCold    + + +     Faith    .   N - +2 shield of Resistance {rF++ rC++ Will++}
rNeg     . . .     Spirit   .   O - +4 crystal plate armour {rC+}
rPois    +         Reflect  .   (helmet restricted)
rElec    .         Harm     .   T - +0 cloak {rPois}
rCorr    +         Rampage  .   I - +2 pair of gloves {Dex+3}
Will     +++..                  K - +2 pair of boots of Boredom {rCorr Str+6 Dex+2 Stlth-}
Stlth    ..........             f - amulet of regeneration
HPRegen  1.34/turn              d - ring of resist corrosion
MPRegen  0.15/turn              D - +4 ring of slaying

@: corroded, studying Dodging
A: horns 2, retaliatory headbutt
}: 1/15 runes: gossamer
a: Renounce Religion, Heroism, Finesse


You were on level 6 of the Lair of Beasts.
You worshipped Okawaru.
Okawaru was exalted by your worship.
You visited 5 branches of the dungeon, and saw 25 of its levels.
You also visited: Gauntlet, Ice Cave and Volcano.

You collected 2437 gold pieces.
You spent 364 gold pieces at shops.

Inventory:

Hand Weapons
 r - the +8 demon whip "Beastbane" (weapon) {freeze, Int+2}
   (Okawaru gifted it to you on level 4 of the Lair of Beasts)

   It freezes those it strikes, dealing additional cold damage.
   It can also slow down cold-blooded creatures.
   Int:       It affects your intelligence (+2).
 y - the +4 morningstar of Sin {antimagic, *Slow rF++ Dex+5}
   (Okawaru gifted it to you on level 4 of the Spider Nest)

   It reduces the magical energy of the wielder, and disrupts the spells and
   magical abilities of those it strikes.
   Natural abilities and divine invocations are not affected.
   Dex:       It affects your dexterity (+5).
   rF:        It greatly protects you from fire.
   *Slow:     It may slow you when you take damage.
Missiles
 a - 18 javelins
 n - 20 silver boomerangs (quivered)
 C - 5 datura-tipped darts
 S - 5 throwing nets
Armour
 H - a +3 tower shield
 I - a +2 pair of gloves of dexterity (worn)
 J - the +5 chain mail of the Cartwright {rPois rN+ Str+3}
   (Okawaru gifted it to you on level 1 of the Spider Nest)

   Str:       It affects your strength (+3).
   rPois:     It protects you from poison.
   rN:        It protects you from negative energy.
 K - the +2 pair of boots of Boredom (worn) {rCorr Str+6 Dex+2 Stlth-}
   (You found it on level 2 of the Spider Nest)

   Str:       It affects your strength (+6).
   Dex:       It affects your dexterity (+2).
   rCorr:     It protects you from acid and corrosion.
   Stlth:     It makes you less stealthy.
 N - the +2 shield of Resistance (worn) {rF++ rC++ Will++}
   (You found it in an ice cave)

   rF:        It greatly protects you from fire.
   rC:        It greatly protects you from cold.
   Will:      It greatly increases your willpower.
 O - a +4 crystal plate armour of cold resistance (worn)
 T - a +0 cloak of poison resistance (worn)
 X - a +2 pair of gloves
Jewellery
 d - a ring of resist corrosion (left hand)
 f - an amulet of regeneration (around neck)
 q - the amulet of Darkness {Faith rPois}
   (You found it on level 2 of the Lair of Beasts)

   [amulet of faith]

   It allows you to gain divine favour quickly.
   rPois:     It protects you from poison.
 z - the ring of Amorality {Fire Will+ Str-5 Int+6 SInv}
   (You found it on level 6 of the Dungeon)

   [ring of fire]

   It enhances your fire magic.
   Str:       It affects your strength (-5).
   Int:       It affects your intelligence (+6).
   rF:        It protects you from fire.
   rC:        It makes you vulnerable to cold.
   SInv:      It lets you see invisible.
   Will:      It increases your willpower.
 A - the amulet of Ocwiesmo {Faith +Inv rF+ rCorr Slay-6 SInv}
   (You found it in a Gauntlet)

   [amulet of faith]

   It allows you to gain divine favour quickly.
   Slay:      It affects your accuracy & damage with ranged weapons and melee
   (-6).
   rF:        It protects you from fire.
   SInv:      It lets you see invisible.
   +Inv:      It lets you turn invisible.
   rCorr:     It protects you from acid and corrosion.
 D - a +4 ring of slaying (right hand)
 E - a ring of protection from fire
 M - a +6 ring of strength
Wands
 m - a wand of digging (18)
 p - a wand of flame (121)
 t - a wand of iceblast (57)
 u - a wand of mindburst (23)
 G - a wand of paralysis (13)
 L - a wand of polymorph (16)
 P - a wand of charming (7)
 W - a wand of acid (21)
Scrolls
 h - 7 scrolls of magic mapping
 i - 18 scrolls of identify
 k - 14 scrolls of teleportation
 U - a scroll of holy word
 Y - 2 scrolls of enchant weapon
 Z - 4 scrolls of amnesia
Potions
 b - 14 potions of heal wounds
 c - a potion of magic
 e - 5 potions of brilliance
 g - 4 potions of flight
 l - 7 potions of lignification
 o - 4 potions of haste
 s - 5 potions of degeneration
 v - 4 potions of attraction
 x - 5 potions of curing
 B - a potion of mutation
 F - 3 potions of invisibility
 Q - 3 potions of might
 R - 14 potions of ambrosia
Miscellaneous
 w - a lightning rod (4/4)


   Skills:
 + Level 15.4 Fighting
 + Level 16.9 Maces & Flails
 + Level 1.7 Throwing
 + Level 15.8 Armour
 + Level 2.8 Dodging
 + Level 2.4 Stealth
 + Level 22.2 Shields
 + Level 3.2 Invocations
 + Level 0.7 Evocations


You had 15 spell levels left.
You didn't know any spells.
Your spell library contained the following spells:

 Spells                   Type           Power      Damage    Failure   Level
 Apportation              Tloc           0%         N/A       99%         1
 Corona                   Hex            0%         N/A       99%         1
 Magic Dart               Conj           0%         1d3       99%         1
 Sandblast                Erth           0%         2d4       99%         1
 Corpse Rot               Necr/Air       N/A        N/A       100%        2
 Ensorcelled Hibernation  Hex/Ice        0%         N/A       100%        2
 Passwall                 Tmut/Erth      0%         N/A       100%        2
 Poisonous Vapours        Pois/Air       0%         N/A       100%        2
 Searing Ray              Conj           0%         3d3       100%        2
 Sublimation of Blood     Necr           0%         N/A       100%        2
 Dazzling Flash           Conj/Hex       0%         N/A       100%        3
 Spider Form              Tmut/Pois      0%         N/A       100%        3
 Tukima's Dance           Hex            0%         N/A       100%        3
 Animate Armour           Summ/Erth      0%         N/A       100%        4
 Dispel Undead            Necr           0%         3d6       100%        4
 Fulminant Prism          Conj/Hex       0%         3d6       100%        4
 Iskenderun's Mystic Bla  Conj/Tloc      0%         2d3       100%        4
 Olgreb's Toxic Radiance  Pois           0%         N/A       100%        4
 Passage of Golubria      Tloc           N/A        N/A       100%        4
 Petrify                  Tmut/Erth      0%         N/A       100%        4
 Sticky Flame             Conj/Fire      0%         2d3       100%        4
 Blade Hands              Tmut           0%         N/A       100%        5
 Freezing Cloud           Conj/Ice/Air   0%         6-21      100%        5
 Irradiate                Conj/Tmut      0%         3d13      100%        5
 Yara's Violent Unravell  Hex/Tmut       0%         3d3       100%        5
 Death Channel            Necr           0%         N/A       100%        6
 Iron Shot                Conj/Erth      0%         9d1       100%        6
 Shadow Creatures         Summ           N/A        N/A       100%        6
 Starburst                Conj/Fire      0%         6d3       100%        6
 Ozocubu's Refrigeration  Ice            0%         4d5       100%        7
 Ignition                 Fire           0%         3d3       100%        8
 Shatter                  Erth           0%         3d5*      100%        9


Dungeon Overview and Level Annotations

Branches:
Dungeon (13/15)            Temple (1/1) D:4            Lair (6/6) D:10
 Shoals (0/4) Lair:3       Spider (4/4) Lair:4        Slime (1/5) Lair:6
    Orc (0/2) D:9          Vaults (0/5) D:13          IceCv (visited)
Volcano (visited)         Gauntlet (visited)

Altars:
Ashenzari
Cheibriados
Dithmenos
Elyvilon
Fedhas
Gozag
Hepliaklqana
Kikubaaqudgha
Makhleb
Nemelex Xobeh
Okawaru
Qazlal
Ru
Sif Muna
Trog
Uskayaw
Vehumet
Wu Jian
Xom
Yredelemnul
Zin
The Shining One
Jiyva
Lugonu

Shops:
D:7 *   D:9 [

Portals:
Abyss: Spider:3
Trove: D:11 (give 2 scrolls of acquirement)

Annotations:
Lair:2 exclusion: orange crystal statue


Innate Abilities, Weirdness & Mutations

You have a pair of horns on your head.
You reflexively headbutt those who attack you in melee.


Message History

The acid blob spits acid at you.
The splash of acid hits you but does no damage.
You are splashed with acid.
You resist.
Two slime creatures merge to form a titanic slime creature.
The acid blob hits you but does no damage.
The acid blob spits acid at you. The splash of acid hits you. You resist.
The acid corrodes you!
You are splashed with acid.
You resist.
There is a staircase back to the Lair here.
The acid blob hits you!
* * * LOW HITPOINT WARNING * * *
You are splashed with acid.
You resist.
* * * LOW HITPOINT WARNING * * *
You block the acid blob's attack.
You climb upwards.
Welcome back to the Lair of Beasts!
There is a staircase to the Slime Pits here.
As you read the scroll of fear, it crumbles to dust.
You assume a fearsome visage.
The acid blob resists with almost no effort.
The titanic slime creature looks frightened!
The acid blob resists with almost no effort.
You block the acid blob's attack. The acid blob spits acid at you.
The splash of acid misses you.
You are splashed with acid.
You resist.
* * * LOW HITPOINT WARNING * * *
You block the acid blob's attack.
The acid blob jiggles.
The acid blob spits acid at you. The splash of acid hits you. You resist.
* * * LOW HITPOINT WARNING * * *
You are splashed with acid!
You resist.
* * * LOW HITPOINT WARNING * * *
The acid blob spits acid at you. The splash of acid hits you. You resist.
* * * LOW HITPOINT WARNING * * *
The acid corrodes you!
You are splashed with acid.
You resist.
* * * LOW HITPOINT WARNING * * *
The acid blob hits you!!
You die...

...#######..............##.####.#
.....####...............#### ###
.....P##.#...............#.#####.
.....###.....######..........##..
......#.....########.............
###.........##.J.# #.............
#.........##.>.# #...........P.
#.........##.JJ# #..........P..
###..#......####@###..#..........
.##.#........###'##...........P..
..#............................P.
.................................
................###P.............
................P#......##....#..
#....#........#..#PP.....P...##..
###.#.........P..............###.
##............................รท


You could see 2 acid blobs and a titanic slime creature (fleeing).

Vanquished Creatures
  Rupert (Lair:6)
  An acid blob (Slime:1)
  A rockslime (Slime:1)
  An azure jelly (Slime:1)
  4 emperor scorpions (Spider:4)
  3 ghost moths
  A quicksilver ooze (Slime:1)
  A reaper (IceCv)
  2 minotaurs
  Azrael (D:12)
  An entropy weaver (Spider:4)
  2 dire elephants
  A spark wasp (Spider:4)
  Snorg (Lair:6)
  Josephine (D:13)
  Harold (D:11)
  4 vault guards (D:13)
  5 boulder beetles
  9 hydras
  The ghost of dnasty the Arsonist, a journeyman DrFE of Vehumet (D:11)
  A catoblepas (Lair:6)
  A deep troll shaman (Lair:6)
  6 two-headed ogres
  7 death yaks
  2 tengu warriors (D:13)
  Nergalle (D:11)
  The ghost of squill the Skirmisher, a novice HOCj (D:6)
  2 lindwurms
  4 ugly things
  22 wolf spiders
  An oklob plant (Lair:4)
  2 deep elf pyromancers
  2 manticores (D:13)
  3 cyclopes
  9 orb spiders
  2 moths of wrath
  14 elephants
  Joseph (D:8)
  An ice statue (IceCv)
  A molten gargoyle (Volcano)
  5 black mambas
  5 torpor snails
  Maggie (D:9)
  10 cane toads
  3 unseen horrors
  11 komodo dragons
  15 demonic crawlers
  An entropy weaver simulacrum (IceCv)
  4 tengu conjurers (D:13)
  2 anaconda simulacra (IceCv)
  2 rime drakes
  3 meliai (D:13)
  16 jumping spiders
  A queen bee (D:13)
  10 hornets
  11 polar bears
  8 trolls
  21 blink frogs
  Grinder (D:3)
  4 slime creatures
  Sigmund (D:5)
  2 shadows
  A human (D:13)
  21 tarantellas
  4 wyverns
  59 redbacks
  23 yaks
  6 wraiths
  7 fire elementals
  A dire elephant simulacrum (IceCv)
  A steam dragon (D:8)
  A hog (D:13)
  6 death yak simulacra (IceCv)
  A neqoxec (Gauntlet)
  3 vampire mosquitoes (D:13)
  2 chaos spawn (Gauntlet)
  5 basilisks
  A steam dragon (shapeshifter) (D:13)
  An acid dragon (D:7)
  16 water moccasins
  4 hell hounds (D:12)
  Duvessa (D:6)
  2 sky beasts (D:7)
  3 ice beasts
  5 orc warriors
  7 black bears
  2 necrophages (D:7)
  5 ogres
  15 wolves
  9 centaurs
  A phantom (D:5)
  Blork the orc (D:5)
  5 kobold brigands
  3 scorpions (D:5)
  11 bullfrogs
  2 two-headed ogre simulacra (IceCv)
  Dowan (D:6)
  4 cane toad simulacra (IceCv)
  2 wyvern skeletons (D:7)
  23 killer bees
  An elephant simulacrum (IceCv)
  7 wights
  3 electric eels
  5 howler monkeys
  A bullfrog zombie (D:6)
  4 centaur zombies
  3 jellies
  2 lava snakes (Lair:2)
  A wyvern simulacrum (D:6)
  A gnoll shaman (D:6)
  9 orc priests
  2 hounds
  3 centaur skeletons
  Ijyb (D:3)
  A bullfrog skeleton (D:6)
  An iguana (D:6)
  16 orc wizards
  Natasha (thrice) (D:3)
  5 hell rats (Lair:1)
  3 troll simulacra (IceCv)
  3 wolf simulacra (IceCv)
  A polar bear simulacrum (IceCv)
  9 spriggan simulacra (IceCv)
  2 killer bee zombies
  A bullfrog simulacrum (D:6)
  A centaur simulacrum (D:6)
  A killer bee simulacrum (D:6)
  Robin (D:3)
  3 howler monkey skeletons
  4 gnolls (D:5)
  8 naga simulacra (IceCv)
  7 adders
  2 shadow imps
  19 white imps
  A howler monkey simulacrum (D:6)
  5 ufetubi
  A worm (D:2)
  2 dart slugs (D:1)
  25 orcs
  7 endoplasms
  2 giant cockroaches
  15 goblins
  6 hobgoblins
  4 jackals (D:1)
  3 quokkas
  5 ball pythons
  10 bats
  5 frilled lizards
  29 kobolds
  6 rats
  2 fungi (Lair:5)
  A plant (Lair:1)
790 creatures vanquished.

Vanquished Creatures (others)
  A ghost moth (Spider:4)
  An electric eel (Lair:2)
  2 ufetubi (IceCv)
  36 fungi
  A lurking horror (Spider:3)
  37 plants
  9 toadstools (Lair:2)
87 creatures vanquished.

Grand Total: 877 creatures vanquished

Notes
Turn   | Place    | Note
-------+----------+-------------------------------------------
     0 | D:1      | boopmooplesden the Minotaur Fighter began the quest for the
                  | Orb.
     0 | D:1      | Reached XP level 1. HP: 19/19 MP: 0/0
   333 | D:1      | Reached XP level 2. HP: 27/27 MP: 1/1
   390 | D:1      | Reached skill level 4 in Shields
   604 | D:1      | Reached XP level 3. HP: 33/33 MP: 2/2
  1235 | D:2      | Reached skill level 1 in Dodging
  1235 | D:2      | Reached XP level 4. HP: 39/40 MP: 3/3
  1679 | D:3      | Noticed Natasha
  1686 | D:3      | Killed Natasha
  1739 | D:3      | Noticed Grinder
  1743 | D:3      | Noticed Robin
  1752 | D:3      | Paralysed by Grinder for 2 turns
  1754 | D:3      | Killed Grinder
  1755 | D:3      | Reached skill level 5 in Maces & Flails
  1755 | D:3      | Reached XP level 5. HP: 47/47 MP: 4/4
  1755 | D:3      | Reached XP level 6. HP: 53/53 MP: 5/5
  1770 | D:3      | Killed Robin
  1771 | D:3      | Reached skill level 5 in Shields
  1782 | D:3      | Reached skill level 5 in Armour
  1807 | D:3      | Noticed Natasha
  1816 | D:3      | Killed Natasha
  2019 | D:3      | Noticed Natasha
  2031 | D:3      | Killed Natasha
  2032 | D:3      | Reached skill level 5 in Fighting
  2152 | D:3      | Noticed Ijyb
  2165 | D:3      | Killed Ijyb
  2268 | D:4      | Reached XP level 7. HP: 51/61 MP: 6/6
  2540 | D:4      | Found a broken altar of Ashenzari.
  2554 | D:4      | Got Sylaezese's Guide on the Rocks
  2635 | D:4      | Found a staircase to the Ecumenical Temple.
  2661 | Temple   | Entered the Ecumenical Temple
  2915 | D:5      | Entered Level 5 of the Dungeon
  2916 | D:5      | Noticed Blork the orc
  2923 | D:5      | Reached skill level 6 in Shields
  2930 | D:5      | Killed Blork the orc
  2946 | D:5      | Reached skill level 1 in Throwing
  2954 | D:5      | Reached XP level 8. HP: 70/70 MP: 7/7
  2957 | D:5      | Noticed Sigmund
  2989 | D:5      | Killed Sigmund
  3123 | D:5      | Reached skill level 7 in Shields
  3733 | D:6      | Found an ancient bone altar of Kikubaaqudgha.
  3745 | D:6      | Reached XP level 9. HP: 78/78 MP: 8/8
  3895 | D:6      | Found an iron altar of Okawaru.
  3928 | D:6      | Found an ancient bone altar of Kikubaaqudgha.
  3962 | D:6      | Found a runed translucent gate.
  3962 | D:6      | Found a runed translucent gate.
  3962 | D:6      | Found a runed translucent gate.
  3994 | D:6      | Noticed squill's ghost (novice HOCj)
  4204 | D:6      | Became a worshipper of Warmaster Okawaru
  4249 | D:6      | Noticed Duvessa
  4249 | D:6      | Noticed Dowan
  4267 | D:6      | Killed Duvessa
  4274 | D:6      | Killed Dowan
  4597 | D:6      | Reached skill level 8 in Shields
  4647 | D:6      | Got the ring of Amorality {Fire Will+ Str-5 Int+6 SInv}
  4714 | D:6      | Killed squill's ghost
  4714 | D:6      | Reached * piety under Okawaru
  4715 | D:6      | Reached skill level 10 in Maces & Flails
  4781 | D:7      | Found a bloodstained altar of Trog.
  4782 | D:7      | Found a radiant altar of Vehumet.
  4782 | D:7      | Found a white marble altar of Elyvilon.
  5009 | D:7      | Reached ** piety under Okawaru
  5021 | D:7      | Reached XP level 10. HP: 88/88 MP: 9/9
  5073 | D:7      | Reached skill level 9 in Shields
  5149 | D:7      | Noticed a cyclops
  5149 | D:7      | Noticed a deep elf pyromancer
  5157 | D:7      | Killed a deep elf pyromancer
  5157 | D:7      | Reached *** piety under Okawaru
  5510 | D:7      | Found Gaiq's Assorted Antiques.
  5623 | D:7      | Bought 2 scrolls labelled QIMOKH HENULUE for 64 gold pieces
  5862 | D:7      | Found a glowing golden altar of the Shining One.
  6054 | D:7      | Received a gift from Okawaru
  6140 | D:7      | Reached skill level 10 in Armour
  6179 | D:7      | Reached skill level 10 in Shields
  6207 | D:7      | Killed a cyclops
  6213 | D:7      | Reached **** piety under Okawaru
  6228 | D:7      | Got Sif Muna's Guide on Spatial Attacks
  6491 | D:8      | Received a gift from Okawaru
  6719 | D:8      | Noticed a boulder beetle
  6748 | D:8      | Killed a boulder beetle
  6835 | D:8      | Noticed Joseph
  6852 | D:8      | Killed Joseph
  6853 | D:8      | Reached XP level 11. HP: 86/95 MP: 10/10
  7164 | D:8      | Reached skill level 11 in Shields
  7578 | D:9      | Found a staircase to the Orcish Mines.
  7581 | D:9      | Found a shimmering blue altar of Sif Muna.
  7625 | D:9      | Found a stormy altar of Qazlal.
  7677 | D:9      | Noticed a two-headed ogre
  7686 | D:9      | Killed a two-headed ogre
  7686 | D:9      | Reached ***** piety under Okawaru
  7690 | D:9      | Found Salegeru's Antique Armour Emporium.
  7698 | D:9      | Bought a pair of embroidered gloves for 150 gold pieces
  7707 | D:9      | Bought a glowing kite shield for 150 gold pieces
  7777 | D:9      | Noticed Maggie
  7793 | D:9      | Killed Maggie
  7897 | D:9      | Found a burning altar of Makhleb.
  8131 | D:9      | Found a sacrificial altar of Ru.
  8140 | D:9      | Found an opulent altar of Gozag.
  8280 | D:9      | Found a hide-covered altar of Uskayaw.
  8297 | D:9      | Reached skill level 12 in Shields
  8483 | D:10     | Entered Level 10 of the Dungeon
  8631 | D:10     | Identified a scroll of acquirement
  8631 | D:10     | Acquired a manual of Shields
  8718 | D:10     | Received a gift from Okawaru
  8739 | D:10     | Found a staircase to the Lair.
  8781 | D:10     | Reached skill level 13 in Shields
  9284 | D:11     | Found a frozen archway.
  9326 | IceCv    | Entered an ice cave
  9848 | IceCv    | Found the +2 shield of Resistance {rF++ rC++ Will++}
  9849 | IceCv    | Noticed a white ugly thing
  9861 | IceCv    | Killed a white ugly thing
  9861 | IceCv    | Received a gift from Okawaru
  9913 | IceCv    | Reached XP level 12. HP: 105/105 MP: 11/11
 10007 | IceCv    | Noticed a reaper
 10015 | IceCv    | Reached skill level 14 in Shields
 10026 | IceCv    | Killed a reaper
 10316 | D:11     | Noticed Nergalle
 10323 | D:11     | Killed Nergalle
 10577 | D:11     | Noticed a minotaur
 10577 | D:11     | Noticed dnasty's ghost (journeyman DrFE)
 10641 | D:11     | Found a runed translucent gate.
 10641 | D:11     | Found a runed translucent gate.
 10641 | D:11     | Found a runed translucent gate.
 10642 | D:11     | Noticed an eight-headed hydra
 10672 | D:11     | Killed an eight-headed hydra
 10672 | D:11     | Received a gift from Okawaru
 10673 | D:11     | Reached skill level 10 in Fighting
 10689 | D:11     | Reached skill level 1 in Invocations
 10697 | D:11     | Killed a minotaur
 10708 | D:11     | Killed dnasty's ghost
 10709 | D:11     | Reached skill level 15 in Shields
 10886 | D:11     | Found a portal to a secret trove of treasure.
 10975 | D:11     | Noticed Harold
 10975 | D:11     | Noticed a two-headed ogre
 10980 | D:11     | Killed a two-headed ogre
 10986 | D:11     | Killed Harold
 11142 | D:11     | Noticed a six-headed hydra
 11151 | D:11     | Killed a six-headed hydra
 11336 | D:12     | Noticed a two-headed ogre
 11350 | D:12     | Killed a two-headed ogre
 11408 | D:12     | Reached ****** piety under Okawaru
 11472 | D:12     | Noticed a two-headed ogre
 11479 | D:12     | Killed a two-headed ogre
 11494 | D:12     | Reached skill level 16 in Shields
 11691 | D:12     | Noticed Azrael
 11714 | D:12     | Reached XP level 13. HP: 113/114 MP: 11/13
 11716 | D:12     | Received a gift from Okawaru
 11723 | D:12     | Killed Azrael
 12092 | D:13     | Found a gate to the Vaults.
 12148 | D:13     | Reached skill level 17 in Shields
 12403 | D:13     | Noticed Josephine
 12409 | D:13     | Received a gift from Okawaru
 12420 | D:13     | Killed Josephine
 12455 | D:13     | Reached skill level 18 in Shields
 13277 | Lair:1   | Entered Level 1 of the Lair of Beasts
 13460 | Lair:1   | Reached XP level 14. HP: 108/127 MP: 14/14
 14159 | Lair:2   | Reached skill level 15 in Maces & Flails
 14597 | Lair:2   | Received a gift from Okawaru
 14642 | Lair:2   | Found a runed translucent door.
 15075 | Lair:2   | Reached skill level 19 in Shields
 15118 | Lair:2   | Identified the amulet of Darkness {Faith rPois}
 15513 | Lair:3   | Found a staircase to the Shoals.
 16869 | Lair:4   | Found a hole to the Spider Nest.
 16888 | Lair:4   | Identified the +8 demon whip "Beastbane" {freeze, Int+2}
                  | (Okawaru gifted it to you on level 4 of the Lair of Beasts)
 16888 | Lair:4   | Received a gift from Okawaru
 16905 | Spider:1 | Entered Level 1 of the Spider Nest
 17336 | Spider:1 | Identified the +5 chain mail of the Cartwright {rPois rN+
                  | Str+3} (Okawaru gifted it to you on level 1 of the Spider
                  | Nest)
 17336 | Spider:1 | Received a gift from Okawaru
 17559 | Spider:2 | Found a transporter.
 17564 | Spider:2 | Found a transporter.
 17575 | Spider:2 | Reached skill level 20 in Shields
 17596 | Spider:2 | Got the +2 pair of boots of Boredom {rCorr Str+6 Dex+2
                  | Stlth-}
 17788 | Spider:2 | Reached XP level 15. HP: 75/136 MP: 15/15
 18003 | Spider:3 | Killed a ghost moth
 18513 | Spider:3 | Found a one-way gate to the infinite horrors of the Abyss.
 18524 | Spider:3 | Found a corrupted altar of Lugonu.
 19056 | Spider:4 | Entered Level 4 of the Spider Nest
 19109 | Spider:4 | Identified the +4 morningstar of Sin {antimagic, *Slow rF++
                  | Dex+5} (Okawaru gifted it to you on level 4 of the Spider
                  | Nest)
 19109 | Spider:4 | Received a gift from Okawaru
 19363 | Spider:4 | Killed a ghost moth
 19376 | Spider:4 | Received a gift from Okawaru
 19379 | Spider:4 | Reached skill level 21 in Shields
 19415 | Spider:4 | Killed a ghost moth
 19416 | Spider:4 | Reached skill level 15 in Armour
 19537 | Spider:4 | Killed a ghost moth
 19651 | Spider:4 | Got a gossamer rune of Zot
 20108 | Lair:5   | Received a gift from Okawaru
 20113 | Lair:5   | Reached XP level 16. HP: 141/147 MP: 17/17
 20346 | Lair:5   | Found a dark tunnel.
 20369 | Volcano  | Entered a volcano
 21391 | Lair:6   | Entered Level 6 of the Lair of Beasts
 21429 | Lair:6   | Found a gate leading to a gauntlet.
 21450 | Gauntlet | Entered a Gauntlet
 21450 | Gauntlet | Found a transporter.
 21470 | Gauntlet | Found a transporter.
 21471 | Gauntlet | Found a transporter.
 21471 | Gauntlet | Found a transporter.
 21486 | Gauntlet | Found a transporter.
 21490 | Gauntlet | Found a transporter.
 21522 | Gauntlet | Identified the amulet of Ocwiesmo {Faith +Inv rF+ rCorr
                  | Slay-6 SInv}
 21679 | Lair:6   | Reached skill level 1 in Stealth
 21690 | Lair:6   | Reached skill level 15 in Fighting
 21815 | Lair:6   | Noticed Snorg
 21836 | Lair:6   | Killed Snorg
 22171 | Lair:6   | Found a viscous altar of Jiyva.
 22171 | Lair:6   | Found a staircase to the Slime Pits.
 22225 | Lair:6   | Noticed Rupert
 22233 | Lair:6   | Killed Rupert
 22233 | Lair:6   | Received a gift from Okawaru
 22234 | Lair:6   | Reached skill level 22 in Shields
 22713 | Slime:1  | Entered Level 1 of the Pits of Slime
 22716 | Slime:1  | Noticed an acid blob
 22730 | Slime:1  | Killed an acid blob
 22732 | Slime:1  | Noticed an acid blob
 22739 | Slime:1  | Noticed an acid blob
 22771 | Lair:6   | Demolished by an acid blob

Illustrated notes

Levels and vault maps discovered:
D:1:      zelgadis_glass_arrival_small, layout_basic, serial_glass,
          glass_columns_b, glass_columns_b, minmay_misc_feat_rows, hex_large
D:2:      layout_loops_ring, minmay_3d_cube
D:3:      layout_rooms, minivault_11, uniq_natasha, uniq_grinder, uniq_ijyb,
          uniq_robin
D:4:      layout_rooms, nicolae_ashenzari_panopticon, minmay_temple_entry_waves
D:5:      layout_rooms, minmay_holes, uniq_sigmund, uniq_blork_the_orc
D:6:      layout_basic, lemuel_tele_altar, amcnicky_altar_gilded,
          gammafunk_ghost_icy, minmay_ruined_shrine, uniq_duvessa
D:7:      minmay_the_grid_triangle_9x9_rhombus_full
          [minmay_the_grid_triangle_9x9_zippers_vertical,
          minmay_the_grid_triangle_9x9_skeleton,
          minmay_the_grid_triangle_9x9_minimal,
          minmay_the_grid_triangle_9x9_limited_checkers,
          minmay_the_grid_triangle_9x9_checkered,
          minmay_the_grid_triangle_9x9_longest,
          minmay_the_grid_triangle_9x9_sparse_checkered,
          minmay_the_grid_triangle_9x9_prize_top_heavy], layout_loops_ring,
          tso_altar, chequers_temple_overflow_statue_of_worship,
          nicolae_inconvenience_store
D:8:      layout_layer_cave, kennysheep_generic_room_15, uniq_joseph
D:9:      layout_irregular_city, mainiacjoe_overflow_swirl,
          mainiacjoe_overflow_catwalk, nicolae_overflow_hidden_temple,
          mainiacjoe_overflow_catch_the_wave, orc_0_dummy, serial_shops, shop,
          nrook_pool_corridor, minmay_misc_feat_pillars, columned_hall_lemuel,
          uniq_maggie
D:10:     kennysheep_blocky_hall, layout_cross, david_lair_generic,
          minmay_unpleasant_kobolds
D:11:     layout_stronghold, portal_ice_cave_entry_imps, enter_trove_3,
          maelrawn_ghost_gauntlet_escape, uniq_harold, uniq_nergalle
D:12:     lemuel_ice_spiral_2, layout_irregular_city, grunt_ogre_cave,
          uniq_azrael
D:13:     layout_loops_ring, lightli_vaults_fourway_checkpoint, special_room
          [special_room_bee], grunt_livestock, uniq_josephine
Temple:   nicolae_temple_figure_zero
Lair:1:   layout_roguey, hangedman_lair_generics_rect
Lair:2:   gammafunk_lair_enchanted_lake, layout_concentric_octagons,
          disabler_island
Lair:3:   layout_misc_corridors, elwin_shoals_entry_rocks, serial_rivers,
          chequers_serial_rivers_micro_b, chequers_serial_rivers_large_b,
          chequers_serial_rivers_small_b, chequers_serial_rivers_room_a,
          chequers_serial_rivers_small_b, chequers_serial_rivers_micro_e,
          cheibrodos_lair_lostbears, serial_bayou_shore_a
Lair:4:   layout_loops_ring, spider_nest_entry_funnel_web, pond
Lair:5:   layout_cave_shapes, nicolae_volcano_entry_lava_flow,
          beast_lair_carwin_7
Lair:6:   grunt_lair_end_beastmaster, layout_layer_cave,
          dpeg_slime_entry_enclosed_altar, gauntlet_entry_generic,
          lemuel_fruit_fields, uniq_rupert, uniq_snorg
Spider:1: layout_spider_delve, hangedman_spider_mandibles,
          nicolae_spider_webs_and_nodes, drop_trap,
          nicolae_spider_twisty_arc_passages
Spider:2: gammafunk_boulding_lane, drop_trap, nicolae_spider_nook
Spider:3: layout_spider_delve, amcnicky_altar_lugonu_corruption
Spider:4: guppyfry_spider_rune
Slime:1:  layout_caves

Skill      XL: |  1  2  3  4  5  6  7  8  9 10 11 12 13 14 15 16 |
---------------+-------------------------------------------------+-----
Armour         | 4 5 7 9 10 11 12 13 14 15 | 15.8
Shields        | 4 5 6 7 8 10 13 16 18 20 21 22 | 22.2
Fighting       | 4 5 6 7 8 9 10 12 13 14 15 | 15.4
Maces & Flails | 3 5 6 7 8 10 11 12 14 15 16 | 16.9
Dodging        | 1 2 |  2.8
Throwing       | 1 |  1.7
Invocations    | 1 2 3 |  3.2
Stealth        | 2 |  2.4
Evocations     | |  0.7

Action                   |  1- 3 |  4- 6 |  7- 9 | 10-12 | 13-15 | 16-18 || total
-------------------------+-------+-------+-------+-------+-------+-------++-------
Melee: Flail             |    91 |   118 |   209 |   616 |   620 |       ||  1654
       Headbutt          |     7 |    16 |    66 |   198 |   326 |   105 ||   718
       Mace              |       |       |   147 |   161 |       |       ||   308
       Demon whip        |       |       |       |       |   471 |   292 ||   763
Throw: Boomerang         |       |       |    10 |       |     3 |       ||    13
Invok: Heroism           |       |       |       |    12 |    12 |     5 ||    29
Evoke: Lightning rod     |       |       |     1 |       |       |       ||     1
  Use: Scroll            |     2 |       |     6 |    20 |     3 |     4 ||    35
       Potion            |       |     1 |       |     1 |     4 |       ||     6
 Stab: Petrified         |       |       |       |       |       |     6 ||     6
       Petrifying        |       |       |       |       |       |     2 ||     2
Armor: Scale mail        |    56 |       |       |       |       |       ||    56
       Chain mail        |     2 |    18 |       |       |       |       ||    20
       Plate armour      |       |    63 |   198 |   371 |       |       ||   632
       Crystal plate arm |       |       |       |    17 |   604 |   108 ||   729
Dodge: Dodged            |    31 |    37 |    77 |   138 |   234 |    38 ||   555
Block: Kite shield       |    65 |    88 |   195 |   368 |  1100 |   218 ||  2034
       Tower shield      |       |       |       |   408 |       |       ||   408
